 Dungeon Crawl Stone Soup version 0.28.0-1-gb440e238dd (webtiles) character file.

Game seed: 17912740489201014091

5077 smarlow the Blocker (level 10, -2/90 HPs)
             Began as a Minotaur Fighter on Feb 27, 2022.
             Was an Elder of Okawaru.
             Slain by a troll (11 damage)
             ... on level 10 of the Dungeon on Feb 28, 2022.
             The game lasted 00:22:42 (10943 turns).

smarlow the Blocker (Minotaur Fighter)             Turns: 10943, Time: 00:22:42

Health: -2/90      AC: 17    Str: 26    XL:     10   Next: 31%
Magic:  9/11       EV: 11    Int: 11    God:    Okawaru [****..]
Gold:   533        SH: 12    Dex:  9    Spells: 9/9 levels left

rFire   . . .      SeeInvis .   a - +1 war axe (protect)
rCold   . . .      Faith    .   c - +0 buckler
rNeg    . . .      Spirit   .   b - +1 scale mail
rPois   +          Reflect  +   (helmet restricted)
rElec   .          Harm     .   f - scarf {+Inv}
rCorr   .          Rampage  .   (no gloves)
Will    .....                   (no boots)
Stlth   +.........              d - amulet of reflection
HPRegen 0.25/turn               h - ring of poison resistance
MPRegen 0.12/turn               v - +6 ring of intelligence

@: heroic, under a protective aura, studying Maces & Flails
A: horns 2, retaliatory headbutt
a: Renounce Religion, Evoke Invisibility, Heroism, Finesse


You were on level 10 of the Dungeon.
You worshipped Okawaru.
Okawaru was greatly pleased with you.
You visited 2 branches of the dungeon, and saw 11 of its levels.
You also visited: Sewer.

You collected 533 gold pieces.

Inventory:

Hand Weapons
 a - a +1 war axe of protection (weapon)
 t - a +1 mace of protection
Missiles
 q - 4 throwing nets (quivered)
Armour
 b - a +1 scale mail (worn)
 c - a +0 buckler (worn)
 f - a scarf of invisibility (worn)
Jewellery
 d - an amulet of reflection (around neck)
 h - a ring of poison resistance (left hand)
 n - an amulet of regeneration
 v - a +6 ring of intelligence (right hand)
 w - an amulet of magic regeneration
Wands
 k - a wand of polymorph (9)
 l - a wand of iceblast (10)
 y - a wand of flame (9)
Scrolls
 j - a scroll of brand weapon
 m - a scroll of enchant armour
 r - 2 scrolls of fear
 s - a scroll of vulnerability
 u - 2 scrolls of identify
 A - a scroll of enchant weapon
Potions
 e - 2 potions of curing
 g - a potion of brilliance {unknown}
 i - 3 potions of flight
 o - a potion of ambrosia {unknown}
 p - a potion of berserk rage {unknown}
 z - a potion of magic {unknown}


   Skills:
 + Level 8.8(13.8) Fighting
 + Level 8.3(13.3) Axes
 + Level 8.8(13.8) Armour
 + Level 8.9(13.9) Shields
 + Level 3.2 Invocations
 + Level 5.9 Evocations


You had 9 spell levels left.
You didn't know any spells.
Your spell library contained the following spells:

 Spells                   Type           Power      Damage    Failure   Level
 Sublimation of Blood     Necr           0%         N/A       75%         2
 Dazzling Flash           Conj/Hex       0%         N/A       92%         3
 Petrify                  Tmut/Erth      0%         N/A       100%        4
 Agony                    Necr           0%         N/A       100%        5
 Irradiate                Conj/Tmut      0%         3d14      100%        5
 Silence                  Hex/Air        0%         N/A       100%        5


Dungeon Overview and Level Annotations

Branches:
Dungeon (10/15)            Temple (1/1) D:4           Sewer (visited)
   Lair: D:8-11         Orc: D:9-12

Altars:
Ashenzari
Cheibriados
Dithmenos
Elyvilon
Fedhas
Gozag
Hepliaklqana
Kikubaaqudgha
Makhleb
Nemelex Xobeh
Okawaru
Qazlal
Ru
Sif Muna
Trog
Uskayaw
Vehumet
Wu Jian
Xom
Yredelemnul
Zin
The Shining One

Shops:
D:5 *

Annotations:
D:2 1 runed translucent door, Crazy Yiuf


Innate Abilities, Weirdness & Mutations

You have a pair of horns on your head.
You reflexively headbutt those who attack you in melee.


Message History

The howler monkey howls!
You slice the hound!!
Your weapon exudes an aura of protection.
You kill the hound!
Okawaru accepts your kill.
The howler monkey hoots and howls with incredible vigour!
The troll bites you!
* * * LOW HITPOINT WARNING * * *
The troll closely misses you. The troll barely misses you.
You hear an angry hiss.
You hear a bellow!
You hear a shout! x2
You hear a bellow!
You gain the combat prowess of a mighty hero.
The troll misses you. The troll closely misses you.
The troll claws you but does no damage.
You hit the troll.
The troll is lightly wounded.
The troll bites you.
* * * LOW HITPOINT WARNING * * *
You block the troll's attack. The troll claws you.
* * * LOW HITPOINT WARNING * * *
The howler monkey hoots and howls with incredible vigour!
You block the howler monkey's attack.
You slash the howler monkey! You headbutt the howler monkey.
You kill the howler monkey!
Okawaru accepts your kill.
You slash the troll! You hit the troll.
The troll is heavily wounded.
The howler monkey hoots and howls with incredible vigour!
You block the troll's attack. The troll claws you but does no damage.
You block the troll's attack.
You hear a howl!
You hear a bellow! x3; You hear a shout!
You completely miss the troll. You headbutt the troll.
The troll is heavily wounded.
The troll bites you but does no damage. The troll claws you.
* * * LOW HITPOINT WARNING * * *
You block the troll's attack.
A wyvern comes into view.
You block the troll's attack. The troll claws you!
You die...

≈.≈S≈.≈.≈≈...>.
..≈≈≈.≈.≈≈...####
≈..≈h.≈.≈l......
................
.............# #h
#.....###.. #.
#hh........
#.###T#'######
#...@.#......#
#######......#
............#
............#
............#
............#
#...####....#
##########....####
#................#


You could see a troll, a wyvern and 2 howler monkeys.

Vanquished Creatures
  Harold (D:7)
  A two-headed ogre (D:10)
  A troll (D:6)
  A hornet (D:8)
  Eustachio (D:4)
  2 steam dragons
  A necrophage (D:8)
  4 orc warriors
  A black bear (D:5)
  2 ogres
  2 centaurs (D:8)
  A phantom (D:6)
  A kobold brigand (D:7)
  2 bullfrogs
  A gnoll sergeant (D:6)
  2 scorpions (D:6)
  A wyvern skeleton (D:7)
  10 killer bees
  5 howler monkeys
  4 hounds
  3 jellies
  8 orc priests
  2 bullfrog skeletons
  An iron imp (D:4)
  4 iguanas
  Natasha (thrice) (D:3)
  6 orc wizards
  A killer bee zombie (D:8)
  A howler monkey zombie (D:10)
  Robin (D:2)
  4 gnolls (D:6)
  6 adders
  A white imp (D:5)
  An ufetubus (D:5)
  An adder skeleton (D:2)
  2 worms
  2 dart slugs
  24 orcs
  3 bats
  6 endoplasms
  7 giant cockroaches
  18 goblins
  5 hobgoblins
  A jackal (Sewer)
  3 quokkas
  5 ball pythons
  4 frilled lizards
  13 kobolds
  16 rats
196 creatures vanquished.

Vanquished Creatures (others)
  A kobold brigand (Sewer)
  An orc (D:7)
  10 fungi (D:6)
  39 plants
  4 toadstools (D:1)
  3 withered plants (D:8)
58 creatures vanquished.

Grand Total: 254 creatures vanquished

Notes
Turn   | Place    | Note
-------+----------+-------------------------------------------
     0 | D:1      | smarlow the Minotaur Fighter began the quest for the Orb.
     0 | D:1      | Reached XP level 1. HP: 19/19 MP: 0/0
   674 | D:1      | Reached XP level 2. HP: 27/27 MP: 1/1
  1147 | D:2      | Reached XP level 3. HP: 33/33 MP: 2/2
  1235 | D:2      | Reached skill level 1 in Evocations
  1462 | D:2      | Noticed Robin
  1469 | D:2      | Reached XP level 4. HP: 34/40 MP: 3/3
  1478 | D:2      | Killed Robin
  1991 | D:2      | Found a runed translucent door.
  1992 | D:2      | Noticed Crazy Yiuf
  2095 | D:3      | Noticed Natasha
  2100 | D:3      | Killed Natasha
  2208 | D:3      | Noticed Natasha
  2217 | D:3      | Killed Natasha
  2218 | D:3      | Reached XP level 5. HP: 38/47 MP: 4/4
  2262 | D:3      | Noticed Natasha
  2272 | D:3      | Killed Natasha
  3442 | D:4      | Reached skill level 5 in Shields
  3442 | D:4      | Reached XP level 6. HP: 55/55 MP: 5/5
  3535 | D:4      | Noticed Eustachio
  3542 | D:4      | Killed Eustachio
  3543 | D:4      | Reached skill level 5 in Fighting
  3543 | D:4      | Reached skill level 5 in Armour
  3649 | D:4      | Found a shimmering altar of Xom.
  3963 | D:4      | Found a staircase to the Ecumenical Temple.
  3971 | Temple   | Entered the Ecumenical Temple
  4030 | Temple   | Became a worshipper of Warmaster Okawaru
  4099 | D:4      | Found a snail-covered altar of Cheibriados.
  4285 | D:5      | Entered Level 5 of the Dungeon
  4324 | D:5      | Reached XP level 7. HP: 59/61 MP: 6/6
  4337 | D:5      | Found Qukk's Gadget Gallery.
  4403 | D:5      | Found a glowing drain.
  4407 | Sewer    | Entered a sewer
  4542 | Sewer    | Found a white marble altar of Elyvilon.
  4805 | D:5      | Reached skill level 5 in Axes
  4896 | D:5      | Reached * piety under Okawaru
  5309 | D:5      | Reached XP level 8. HP: 45/70 MP: 7/7
  5690 | D:6      | Found a sparkling altar of Nemelex Xobeh.
  5772 | D:6      | Found a bloodstained altar of Trog.
  6326 | D:6      | Noticed a troll
  6358 | D:6      | Killed a troll
  6358 | D:6      | Reached ** piety under Okawaru
  6894 | D:7      | Reached XP level 9. HP: 78/79 MP: 8/8
  7416 | D:7      | Noticed Harold
  7999 | D:8      | Found a glowing silver altar of Zin.
  8135 | D:8      | Reached *** piety under Okawaru
  8136 | D:8      | Reached skill level 5 in Evocations
  8191 | D:8      | Found a basalt altar of Yredelemnul.
  8490 | D:8      | Reached skill level 1 in Invocations
  8751 | D:8      | Found a burning altar of Makhleb.
  8991 | D:8      | Paralysed by a hornet for 1 turns
  9353 | D:7      | Killed Harold
  9353 | D:7      | Reached **** piety under Okawaru
  9373 | D:7      | Reached XP level 10. HP: 70/90 MP: 10/10
  9624 | D:7      | Found a stormy altar of Qazlal.
  9673 | D:7      | Found a glowing golden altar of the Shining One.
 10559 | D:10     | Entered Level 10 of the Dungeon
 10605 | D:10     | Noticed a two-headed ogre
 10621 | D:10     | Killed a two-headed ogre
 10621 | D:10     | Reached ***** piety under Okawaru
 10943 | D:10     | Slain by a troll

Illustrated notes

Levels and vault maps discovered:
D:1:      ldierk_water_garden, layout_rooms, roderic_lattice_a,
          chequers_serial_rivers_micro_d, hex_large
D:2:      layout_rooms, wad_floor_pattern_2, uniq_crazy_yiuf_cottage, uniq_robin
D:3:      layout_rooms, serial_bayou, serial_bayou_pond_e, serial_bayou_ford_a,
          serial_bayou_lagoon_a, serial_bayou_lagoon_b, uniq_natasha
D:4:      layout_loops_ring, slow_altar_2, mainiacjoe_overflow_24_doors,
          minmay_temple_entry_fiery, uniq_eustachio
D:5:      layout_rooms, gup_sewer_entry_bowl, nicolae_shop_gadgets
D:6:      layout_rooms, trog_butcher_becter, mainiacjoe_overflow_chevrons
D:7:      layout_rooms, tso_oasis_becter, nicolae_qazlal_style_of_elements,
          kennysheep_generic_room_6, uniq_harold
D:8:      layout_loops_ring, yredelemnul_altar_generic, lemuel_tele_altar,
          zin_academy, minmay_manual_moon
D:9:      layout_basic
D:10:     layout_stronghold, erik_lair_island, orc_0_dummy, serial_column_ruins,
          column_ruins_grid_1, column_ruins_corridor_T,
          column_ruins_columns_straight, column_ruins_grid_3,
          column_ruins_open_tiny
Temple:   cyrus_circular_temple

Skill      XL: |  1  2  3  4  5  6  7  8  9 10 |
---------------+-------------------------------+-----
Fighting       | 4 5 6 7 8 |  8.8
Axes           | 3 4 5 6 7 8 |  8.3
Armour         | 4 5 6 7 8 |  8.8
Shields        | 4 5 6 7 8 |  8.9
Evocations     | 1 2 3 4 5 |  5.9
Invocations    | 2 3 |  3.2

Action                   |  1- 3 |  4- 6 |  7- 9 | 10-12 || total
-------------------------+-------+-------+-------+-------++-------
Melee: War axe           |    62 |   112 |    96 |    70 ||   340
       Headbutt          |     6 |    19 |    54 |    16 ||    95
       Mace              |       |    21 |   230 |       ||   251
Invok: Heroism           |       |       |     3 |     1 ||     4
  Use: Potion            |       |     1 |     6 |       ||     7
       Scroll            |       |     7 |     9 |     3 ||    19
Armor: Scale mail        |    35 |    79 |   149 |    33 ||   296
Dodge: Dodged            |    21 |    63 |   132 |    23 ||   239
Block: Buckler           |    11 |    30 |   194 |    38 ||   273
       Reflection        |       |       |     6 |       ||     6
